 Dungeon Crawl Stone Soup version 0.17-a0-1399-gd5b76e1 (webtiles) character file.

45686 nuthulu the Severer (level 14, -9/144 HPs)
             Began as a Minotaur Fighter on June 19, 2015.
             Was the Champion of Okawaru.
             Engulfed by a cloud of freezing vapour (14 damage)
             ... in an ice cave.
             The game lasted 00:56:16 (19263 turns).

nuthulu the Severer (Minotaur Fighter)             Turns: 19263, Time: 00:56:16

Health: -9/144     AC: 21    Str: 26    XL:     14   Next: 2%
Magic:  0/13       EV:  5    Int:  5    God:    Okawaru [******]
Gold:   741        SH: 10    Dex: 16    Spells: 0 memorised, 13 levels left

rFire  + . .     SeeInvis .     H - +6 broad axe (flame)
rCold  . . .     Clarity  .     j - +3 plate armour
rNeg   . . .     SustAt   .     c - +0 shield
rPois  .         Gourm    .     b - +1 hat {Spirit}
rElec  .         Spirit   +     W - +0 cloak {+Inv}
rCorr  .         Warding  .     (no gloves)
rMut   .         Stasis   .     Y - +2 pair of boots {Stlth+}
MR     +....                    C - amulet of faith
Stlth  ..........               J - ring of protection from fire
                                i - +6 ring of dexterity

@: somewhat resistant to hostile enchantments, extremely unstealthy
A: retaliatory headbutt, horns 2
a: Heroism, Finesse, Renounce Religion, Evoke Invisibility


You were in an ice cave.
You worshipped Okawaru.
Okawaru was exalted by your worship.
You were hungry.

You visited 3 branches of the dungeon, and saw 18 of its levels.
You also visited: Ossuary, Ice Cave and Volcano.

You collected 741 gold pieces.

Inventory:

Hand weapons
 H - a +6 broad axe of flaming (weapon)
 P - the +7 executioner's axe "Hoedahul" {chop, rF+ rN+ MR- SInv}
   (Okawaru gifted it to you on level 11 of the Dungeon)

   It inflicts extra damage upon your enemies.
   It protects you from fire.
   It protects you from negative energy.
   It affects your resistance to hostile enchantments.
   It lets you see invisible.
 Q - a +2 battleaxe
 T - a +1 battleaxe of pain
Missiles
 n - 3 throwing nets (quivered)
Armour
 b - a +1 hat of spirit shield (worn)
 c - a +0 shield (worn)
 j - a +3 plate armour (worn)
 W - a +0 cloak of invisibility (worn)
 Y - a +2 pair of boots of stealth (worn)
Jewellery
 a - a cursed amulet of inaccuracy {unknown}
 i - a +6 ring of dexterity (left hand)
 s - an uncursed ring of positive energy
 C - an amulet of faith (around neck)
 J - a ring of protection from fire (right hand)
 L - an uncursed amulet of clarity {unknown}
 N - a cursed amulet of inaccuracy {unknown}
 S - a +3 ring of evasion
 V - an uncursed ring of flight
Magical devices
 m - a wand of flame (0)
 r - a wand of disintegration (4)
 v - a wand of flame (25)
 x - a wand of random effects (24)
 y - a wand of fireball (3)
 z - a wand of paralysis (12)
 A - a wand of frost (26)
 B - a wand of cold (2)
 I - a wand of paralysis (0)
 M - a wand of paralysis (14)
 O - a wand of frost (20)
 R - a wand of confusion (23)
 X - a wand of cold (4)
Scrolls
 g - 16 scrolls of remove curse
 l - a scroll of recharging
 q - 2 scrolls of magic mapping
 t - 2 scrolls of fog
 u - a scroll of identify
 D - a scroll of amnesia
 G - 3 scrolls of teleportation
Potions
 d - a potion of haste
 h - a potion of cancellation
 o - 3 potions of curing
 p - 4 potions of flight
 w - 4 potions of brilliance
 E - a potion of magic {unknown}
 K - 3 potions of berserk rage
 U - 4 potions of might
Books
 F - a book of Minor Magic

   Spells                             Type                      Level
   a - Magic Dart                     Conjuration                  1
   b - Blink                          Translocation                2
   c - Call Imp                       Summoning                    2
   d - Repel Missiles                 Charms/Air                   2
   e - Slow                           Hexes                        2
   f - Conjure Flame                  Conjuration/Fire             3
   g - Mephitic Cloud                 Conjuration/Poison/Air       3
Comestibles
 e - 10 bread rations
 f - 7 slices of pizza
 k - 8 meat rations


   Skills:
 - Level 18.9 Fighting
 + Level 19.1 Axes
 + Level 6.2 Armour
 - Level 3.6 Shields


You had 13 spell levels left.
You didn't know any spells.

Dungeon Overview and Level Annotations

Branches:
Dungeon (11/15)            Temple (1/1) D:7            Lair (6/8) D:11
 Shoals (0/4) Lair:4        Snake (0/4) Lair:5          Orc (0/4) D:9
  Slime: Lair:6-8

Altars:
Ashenzari
Cheibriados
Dithmenos
Elyvilon
Fedhas
Gozag
Kikubaaqudgha
Makhleb
Nemelex Xobeh
Okawaru
Qazlal
Ru
Sif Muna
Trog
Vehumet
Xom
Yredelemnul
Zin
The Shining One


Innate Abilities, Weirdness & Mutations

You reflexively headbutt those who attack you in melee.
You have a pair of horns on your head.


Message History

* * * LOW HITPOINT WARNING * * *
You barely miss the blue devil. Your headbutt misses the blue devil.
The blue devil is moderately wounded.
You are engulfed in freezing vapours.
* * * LOW HITPOINT WARNING * * *
The blue devil hits you but does no damage.
You slice the blue devil!! You burn the blue devil.
The blue devil is severely wounded.
You are engulfed in freezing vapours.
* * * LOW HITPOINT WARNING * * *
The blue devil hits you.
* * * LOW HITPOINT WARNING * * *
You slash the blue devil! You burn the blue devil.
You kill the blue devil!
Okawaru accepts your kill.
You are engulfed in freezing vapours.
* * * LOW HITPOINT WARNING * * *
Unknown command.
You are engulfed in freezing vapours.
You die...

#..#...##
..##.#
#.......#
..#..
#...##..##
....
#..###...#
#..§ ##.#
##..# #§§.
#.. #..#
#.§§## ...
##..#
###§.§§#
... #..##
#....§@##).
##..#
#...§.#§§##
#..## §....
##§§## #.§#
....
#...###§##
...
##.§#§§##
.. ##.§§§#
. ##.§##
####


There were no monsters in sight!

Vanquished Creatures
  Rupert (Lair:3)
  Gastronok (Lair:3)
  Maud (D:10)
  Snorg (Lair:3)
  Erolcha (D:8)
  6 hydras
  Harold (D:10)
  The ghost of asdu the Geomancer, an experienced DDEE of Makhleb (Lair:2)
  Erica (Lair:2)
  A centaur warrior (Volcano)
  Sonja (Lair:2)
  Nergalle (Lair:2)
  The ghost of asdu the Grappler, an experienced VSMo of Cheibriados (Lair:2)
  2 ice statues (IceCv)
  Pikel (D:7)
  A hill giant (D:11)
  2 ugly things (D:11)
  6 statues (Volcano)
  A black mamba (Lair:2)
  Joseph (D:8)
  Psyche (D:8)
  10 spiny frogs
  A fire drake (D:11)
  6 komodo dragons
  4 blue devils (IceCv)
  A yaktaur (Volcano)
  4 polar bears (D:8)
  2 merfolk (Lair:4)
  A troll (D:11)
  A two-headed ogre (D:10)
  19 blink frogs
  Sigmund (D:4)
  11 yaks
  6 fire bats
  A basilisk (Lair:5)
  Grum (D:8)
  2 deep elf magi
  3 hippogriffs
  7 wolves
  Edmund (D:4)
  A soldier ant (D:11)
  3 hungry ghosts
  A mottled dragon (D:11)
  8 water moccasins
  6 porcupines
  Duvessa (D:4)
  8 ogres
  3 sky beasts
  An ice beast (D:4)
  A black bear (D:11)
  5 centaurs
  A necrophage (D:7)
  An orc warrior (D:10)
  9 crocodiles
  2 slaves (D:7)
  3 elf zombies (Ossuary)
  9 giant frogs
  A big kobold (D:10)
  A scorpion (D:4)
  A wyvern skeleton (D:10)
  Dowan (D:4)
  11 wights
  A quasit (D:10)
  An electric eel (Lair:4)
  5 lava snakes (Volcano)
  4 crimson imps
  7 hounds
  A giant frog zombie (D:8)
  2 jellies
  6 orc priests
  A wasp zombie (D:11)
  3 centaur skeletons
  13 iguanas
  9 orc wizards
  5 worker ants
  24 sheep
  4 hell rats (Lair:5)
  2 mummies (Ossuary)
  A worker ant zombie (D:5)
  Robin (D:4)
  A hound skeleton (D:10)
  9 adders
  36 river rats
  9 white imps
  A shadow imp (D:11)
  7 ufetubi
  An ooze (D:3)
  2 adder zombies (Ossuary)
  An adder skeleton (D:6)
  47 orcs
  4 ball pythons
  A bat skeleton (D:4)
  2 giant cockroaches
  19 goblins
  20 hobgoblins
  14 kobolds
  2 quokkas
  13 bats
  6 giant geckos
  4 giant newts
  8 hobgoblin zombies (Ossuary)
  5 jackals
  2 jackal zombies (Ossuary)
  7 kobold zombies (Ossuary)
  12 orc zombies (Ossuary)
  11 rats
  2 rat zombies (Ossuary)
  5 fungi
  2 plants
536 creatures vanquished.

Vanquished Creatures (others)
  A big kobold (D:7)
  A crimson imp (D:7)
  A white imp (IceCv)
  4 ufetubi (IceCv)
  6 kobolds (D:7)
  A plant (D:3)
14 creatures vanquished.

Grand Total: 550 creatures vanquished

Notes
Turn   | Place    | Note
--------------------------------------------------------------
     0 | D:1      | nuthulu the Minotaur Fighter began the quest for the Orb.
     0 | D:1      | Reached XP level 1. HP: 19/19 MP: 0/0
   252 | D:1      | Found a sparkling altar of Nemelex Xobeh.
   392 | D:1      | Reached XP level 2. HP: 27/27 MP: 1/1
   396 | D:1      | Reached skill level 4 in Fighting
   938 | D:2      | Reached XP level 3. HP: 32/34 MP: 2/2
  1396 | D:3      | Found a snail-covered altar of Cheibriados.
  1874 | D:3      | Reached skill level 5 in Fighting
  1874 | D:3      | Reached XP level 4. HP: 39/42 MP: 3/3
  2487 | D:4      | Reached XP level 5. HP: 42/50 MP: 4/4
  2631 | D:4      | Reached skill level 6 in Fighting
  2631 | D:4      | Reached skill level 5 in Axes
  2657 | D:4      | Noticed Dowan
  2660 | D:4      | Noticed Robin
  2660 | D:4      | Noticed Duvessa
  2679 | D:4      | Killed Dowan
  2679 | D:4      | Reached XP level 6. HP: 52/58 MP: 5/5
  2689 | D:4      | Killed Duvessa
  2699 | D:4      | Killed Robin
  2730 | D:4      | Found a sand-covered staircase.
  2759 | Ossuary  | Entered an ossuary
  2920 | Ossuary  | Reached skill level 7 in Fighting
  2928 | Ossuary  | Reached XP level 7. HP: 49/66 MP: 6/6
  3229 | D:4      | Noticed an ogre
  3236 | D:4      | Killed an ogre
  3236 | D:4      | Reached skill level 8 in Fighting
  3386 | D:4      | Noticed Edmund
  3398 | D:4      | Killed Edmund
  3512 | D:4      | Noticed Sigmund
  3512 | D:4      | Noticed an ice beast
  3519 | D:4      | Killed Sigmund
  3519 | D:4      | Reached XP level 8. HP: 61/77 MP: 7/7
  3525 | D:4      | Killed an ice beast
  3525 | D:4      | Reached skill level 9 in Fighting
  3655 | D:4      | Found a burning altar of Makhleb.
  3657 | D:4      | Found a radiant altar of Vehumet.
  3712 | D:5      | Entered Level 5 of the Dungeon
  4485 | D:5      | Reached skill level 10 in Fighting
  4789 | D:6      | Found a shadowy altar of Dithmenos.
  4832 | D:6      | Found a snail-covered altar of Cheibriados.
  5188 | D:6      | Found a glowing golden altar of the Shining One.
  5226 | D:6      | Reached skill level 10 in Axes
  5377 | D:6      | Reached XP level 9. HP: 75/86 MP: 8/8
  5663 | D:7      | Found a white marble altar of Elyvilon.
  5729 | D:7      | Found a staircase to the Ecumenical Temple.
  5766 | D:7      | Reached skill level 11 in Fighting
  5772 | Temple   | Entered the Ecumenical Temple
  5805 | Temple   | Became a worshipper of Warmaster Okawaru
  6291 | D:7      | Noticed Pikel
  6336 | D:7      | Killed Pikel
  6336 | D:7      | Acquired Okawaru's first power
  6859 | D:7      | Found a shattered altar of Ashenzari.
  6860 | D:7      | Found a sacrificial altar of Ru.
  7197 | D:8      | Found a blossoming altar of Fedhas.
  7220 | D:8      | Reached skill level 12 in Fighting
  7616 | D:8      | Reached XP level 10. HP: 99/99 MP: 9/9
  7954 | D:8      | Noticed Grum
  7970 | D:8      | Killed Grum
  8015 | D:8      | Noticed Erolcha
  8023 | D:8      | Paralysed by Erolcha for 6 turns
  8037 | D:8      | Paralysed by Erolcha for 4 turns
  8044 | D:8      | Killed Erolcha
  8044 | D:8      | Reached skill level 13 in Fighting
  8298 | D:8      | Noticed Joseph
  8306 | D:8      | Killed Joseph
  8579 | D:8      | Noticed Psyche
  8584 | D:8      | Found a shimmering altar of Xom.
  8592 | D:8      | Killed Psyche
  9223 | D:9      | Found a stormy altar of Qazlal.
  9337 | D:9      | Found a staircase to the Orcish Mines.
  9818 | D:10     | Entered Level 10 of the Dungeon
  9872 | D:10     | Acquired Okawaru's second power
  9909 | D:10     | Reached skill level 14 in Fighting
 10105 | D:10     | Noticed Harold
 10122 | D:10     | Killed Harold
 10122 | D:10     | Reached XP level 11. HP: 83/110 MP: 10/10
 10418 | D:10     | Noticed Maud
 10440 | D:10     | Killed Maud
 10440 | D:10     | Received a gift from Okawaru
 10977 | D:11     | Reached skill level 15 in Fighting
 11574 | D:11     | Received a gift from Okawaru
 11577 | D:11     | Got an iridescent executioner's axe {god gift}
 11616 | D:10     | Identified the +7 executioner's axe "Hoedahul" {chop, rF+ rN+ MR- SInv} (Okawaru gifted it to you on level 11 of the Dungeon)
 11726 | D:11     | Found a staircase to the Lair.
 11806 | D:11     | Noticed a hill giant
 11817 | D:11     | Killed a hill giant
 11817 | D:11     | Reached skill level 15 in Axes
 12545 | Lair:1   | Entered Level 1 of the Lair of Beasts
 12560 | Lair:1   | Received a gift from Okawaru
 12663 | Lair:1   | Noticed a four-headed hydra
 12671 | Lair:1   | Killed a one-headed hydra
 12682 | Lair:1   | Reached skill level 16 in Fighting
 12867 | Lair:1   | Reached XP level 12. HP: 122/122 MP: 11/11
 13215 | Lair:2   | Noticed Erica
 13236 | Lair:2   | Killed Erica
 13236 | Lair:2   | Received a gift from Okawaru
 13251 | Lair:2   | Noticed Nergalle
 13261 | Lair:2   | Killed Nergalle
 13263 | Lair:2   | Noticed an eight-headed hydra
 13292 | Lair:2   | Killed a six-headed hydra
 13295 | Lair:2   | Noticed a five-headed hydra
 13303 | Lair:2   | Killed a three-headed hydra
 13598 | Lair:2   | Noticed asdu's ghost (experienced DDEE)
 13704 | Lair:2   | Killed asdu's ghost
 13736 | Lair:2   | Noticed an eight-headed hydra
 13752 | Lair:2   | Killed a five-headed hydra
 13752 | Lair:2   | Reached skill level 17 in Fighting
 13938 | Lair:2   | Noticed asdu's ghost (experienced VSMo)
 13939 | Lair:2   | Noticed Sonja
 13949 | Lair:2   | Killed asdu's ghost
 14023 | Lair:2   | Killed Sonja
 14108 | Lair:2   | Received a gift from Okawaru
 14111 | Lair:2   | Got a pair of faintly humming boots {god gift}
 14117 | Lair:2   | Identified the -6 pair of boots of the Assorted Beds {*Contam rPois Int+4} (Okawaru gifted it to you on level 2 of the Lair of Beasts)
 15337 | Lair:3   | Noticed Gastronok
 15340 | Lair:3   | Noticed a five-headed hydra
 15347 | Lair:3   | Killed a two-headed hydra
 15347 | Lair:3   | Reached XP level 13. HP: 121/134 MP: 12/12
 15359 | Lair:3   | Killed Gastronok
 15429 | Lair:3   | Found a dark tunnel.
 15433 | Lair:3   | Reached skill level 18 in Fighting
 15449 | Volcano  | Entered a volcano
 15682 | Volcano  | Found a glowing golden altar of the Shining One.
 16100 | Lair:3   | Received a gift from Okawaru
 16182 | Lair:3   | Noticed Snorg
 16189 | Lair:3   | Killed Snorg
 16438 | Lair:3   | Noticed Rupert
 16449 | Lair:3   | Killed Rupert
 17320 | Lair:4   | Found a staircase to the Shoals.
 17920 | Lair:4   | Reached skill level 5 in Armour
 18310 | Lair:5   | Found a staircase to the Snake Pit.
 18334 | Lair:5   | Received a gift from Okawaru
 18614 | Lair:5   | Reached skill level 19 in Axes
 19011 | Lair:6   | Found a frozen archway.
 19033 | IceCv    | Entered an ice cave
 19219 | IceCv    | Reached XP level 14. HP: 136/144 MP: 13/13
 19262 | IceCv    | HP: 5/144 [something (4)]
 19263 | IceCv    | Engulfed by a cloud of freezing vapour

Vault maps used:
D:1:      minmay_arrival_checkered_box, minivault_25, minmay_misc_feat_rugged,
          nemelex_deck
D:2:      hangedman_decor_peaks_small
D:3:      lemuel_coloured_pillars_altar, saegor_snake_ambush
D:4:      grunt_temple_overflow_lords_of_destruction, enter_ossuary_3,
          minivault_5, minmay_liquid_box, uniq_robin, uniq_duvessa,
          uniq_sigmund, uniq_edmund
D:5:      serial_column_ruins, column_ruins_hut, column_ruins_open_small,
          column_ruins_corridor_dead_end, column_ruins_corridor_corner,
          first_bread
D:6:      tso_oasis_becter, basic_altar, corexii_leaking_fountain,
          lemuel_tele_altar
D:7:      minitemple, minmay_temple_entry_grid, uniq_pikel
D:8:      xom_butterflies, nicolae_overflow_crystal_walls, serial_ice,
          serial_ice_b, serial_ice_e, serial_ice_o, serial_ice_n, uniq_grum,
          uniq_joseph, uniq_erolcha, uniq_psyche
D:9:      lemuel_doored_altar, orc_0_dummy
D:10:     grunt_pizzeria, uniq_maud, uniq_harold
D:11:     minmay_lair_entry_lava
Temple:   minmay_temple_bridge_a_8
Lair:1:   serial_bayou_pond_c
Lair:2:   uniq_sonja, uniq_erica, uniq_nergalle
Lair:3:   nicolae_volcano_entry_batcave, beast_lair_carwin_8,
          infiniplex_staircase_pool_2, uniq_snorg, uniq_rupert, uniq_gastronok
Lair:4:   elwin_shoals_entry_rooms
Lair:5:   guppyfry_snake_entry_garden
Lair:6:   portal_ice_cave_entry_pillars_02, basic_altar, lemuel_fruit_fields
Ossuary:  ossuary_tomb_1
IceCv:    ice_cave_small_demon
Volcano:  volcano_grotto

Action                   |  1- 3 |  4- 6 |  7- 9 | 10-12 | 13-15 || total
-------------------------+-------+-------+-------+-------+-------++-------
Melee: War axe           |   103 |   148 |   316 |   161 |       ||   728
       Broad axe         |       |       |       |   296 |   240 ||   536
       Executioner's axe |       |       |       |     6 |    54 ||    60
Invok: Heroism           |       |       |     1 |     6 |     2 ||     9
  Use: Scroll            |     6 |     2 |     7 |    12 |     4 ||    31
       Potion            |       |     2 |     3 |    11 |     1 ||    17
 Stab: Invisible         |       |       |     2 |       |       ||     2
       Fleeing           |       |       |     1 |       |       ||     1
  Eat: Chunk             |     2 |     4 |    14 |    14 |     7 ||    41
       Beef jerky        |       |       |     1 |     1 |     2 ||     4
       Royal jelly       |       |       |     1 |     1 |       ||     2
       Pizza             |       |       |       |     3 |     1 ||     4
       Meat ration       |       |       |       |     1 |       ||     1
